 Dungeon Crawl Stone Soup version 0.22.1-6-g1668fe2c40 (webtiles) character file.

66 H0rd4k the Charlatan (level 4, 0/32 HPs)
             Began as a Human Artificer on Jan 27, 2019.
             Slain by an adder (1 damage)
             ... on level 3 of the Dungeon.
             The game lasted 00:04:29 (1763 turns).

H0rd4k the Charlatan (Human Artificer)              Turns: 1763, Time: 00:04:29

Health: 0/32       AC:  3    Str: 13    XL:     4   Next: 37%
Magic:  6/6        EV: 12    Int: 11    God:
Gold:   145        SH:  0    Dex: 14    Spells: 3/3 levels left

rFire    . . .     SeeInvis .   t - +0 dagger (pain)
rCold    . . .     Gourm    .   (no shield)
rNeg     . . .     Faith    .   b - +0 leather armour
rPois    .         Spirit   .   (no helmet)
rElec    .         Reflect  .   (no cloak)
rCorr    .         Harm     .   (no gloves)
MR       .....                  (no boots)
Stlth    +.........             (no amulet)
HPRegen  0.10/turn              (no ring)
MPRegen  0.10/turn              (no ring)

@: lethally poisoned (0 -> -3)
A: no striking features
a: no special abilities


You were on level 3 of the Dungeon.
You were hungry.

You visited 1 branch of the dungeon, and saw 3 of its levels.

You collected 145 gold pieces.

Inventory:

Hand Weapons
 a - a +0 short sword
 t - a +0 dagger of pain (weapon)
Missiles
 m - 39 sling bullets
 n - 5 javelins (quivered)
 o - 24 arrows
Armour
 b - a +0 leather armour (worn)
Jewellery
 h - a cursed -2 ring of slaying {unknown}
 l - a +5 ring of evasion {unknown}
Wands
 c - a wand of flame (9)
 d - a wand of enslavement (15)
 e - a wand of random effects (15)
 s - a wand of paralysis (21)
Scrolls
 i - a scroll of fog {unknown}
 k - 2 scrolls of identify {unknown}
 q - a scroll of immolation {unknown}
 r - a scroll of remove curse {unknown}
Potions
 g - 2 potions of lignification {unknown}
 j - a potion of haste {unknown}
 p - a potion of curing {unknown}
Comestibles
 f - 5 rations


   Skills:
 + Level 1.1 Fighting
 + Level 2.2 Short Blades
 + Level 0.4 Armour
 + Level 2.6 Dodging
 + Level 1.1 Stealth
 + Level 3.8 Evocations


You had 3 spell levels left.
You didn't know any spells.
Your spell library was empty.

Dungeon Overview and Level Annotations

Branches:
Dungeon (3/15)

Altars:
Trog
Zin

Annotations:
D:2 exclusion: downstairs


Message History

Press: ? - help, Shift-Dir - straight line, f/p - adder
Aim: an adder The puff of flame hits the adder.
The adder is heavily wounded.
Evoke which item? (* to show all) (? for menu, Esc to quit)
Aiming: Throw Flame
Press: ? - help, Shift-Dir - straight line, f/p - adder
Aim: an adder (heavily wounded)
The puff of flame misses the adder.
The adder misses you. The adder bites you.
* * * LOW HITPOINT WARNING * * *
You are lethally poisoned!
The adder poisons you!
Evoke which item? (* to show all) (? for menu, Esc to quit)
Aiming: Throw Flame
Press: ? - help, Shift-Dir - straight line, f/p - adder
Aim: an adder (heavily wounded)
The puff of flame misses the adder.
* * * LOW HITPOINT WARNING * * *
You feel sick. The adder bites you.
You die...

.>..# . ...#.#
####..#. .#
#...... .#
#.##.#..###.#
#........#..#
#..<.....#
#.#.#.#..# ##
#@....#..# .#
#.#S#.#....# .#
#?#.#.#.#..#
.###.#####
#.#†#......#
)..........
#.#.####...# <#
....###..........#
'##
....w.....###.##.#
g..
.................#
>....
S.....†..)###.####


You could see an adder.

Vanquished Creatures
  An adder (D:2)
  2 dart slugs
  4 orcs
  A ball python (D:1)
  3 giant cockroaches
  9 goblins
  3 hobgoblins
  6 jackals
  5 bats
  4 frilled lizards
  3 kobolds (D:2)
  3 rats
44 creatures vanquished.

Notes
Turn   | Place    | Note
-------+----------+-------------------------------------------
     0 | D:1      | H0rd4k the Human Artificer began the quest for the Orb.
     0 | D:1      | Reached XP level 1. HP: 15/15 MP: 3/3
   147 | D:1      | Reached XP level 2. HP: 21/21 MP: 4/4
   433 | D:1      | Reached XP level 3. HP: 26/26 MP: 5/5
   984 | D:2      | Found a glowing silver altar of Zin.
  1002 | D:2      | Found a bloodstained altar of Trog.
  1180 | D:2      | Found a faded altar of an unknown god.
  1331 | D:3      | Reached XP level 4. HP: 32/32 MP: 6/6
  1763 | D:3      | HP: 1/32 [poisoned by an adder]
  1763 | D:3      | Slain by an adder

Skill      XL: |  1  2  3  4 |
---------------+-------------+-----
Short Blades   | 2 |  2.2
Fighting       | |  1.1
Armour         | |  0.4
Dodging        | |  2.6
Stealth        | |  1.1
Evocations     | |  3.8

Action                   |  1- 3 |  4- 6 || total
-------------------------+-------+-------++-------
Melee: Short sword       |    93 |       ||    93
       Dagger            |    17 |    66 ||    83
Evoke: Wand              |     2 |     4 ||     6
 Stab: Sleeping          |     3 |       ||     3
  Eat: Chunk             |     1 |     1 ||     2
Armor: Leather armour    |    15 |    11 ||    26
Dodge: Dodged            |    66 |    44 ||   110
